Map: Cyber Forest LE

Players

SpaceMarine

  • Race: Protoss Protoss
  • League: Diamond
  • Spawn Location: 5:00

SKillous - Winner!

  • Race: Protoss Protoss
  • Spawn Location: 11:00

Event: 2019 WCS Summer

VOD

Have the link to the VOD?

Description

Time

  • Played on: July 12, 2019, 7:47 a.m.
  • Length: 11:52

All games in this series

Show
View Real Time Build Order
Export as new Build Order

SpaceMarine Protoss 

Build Orders: Oracle Opening, Archon Immortal 

Get SALT Encoding   

  12  0:00  Probe  
  13  0:13  Probe  
  14  0:17  Pylon  
  14  0:24  Probe  
  15  0:32  Probe  
  15  0:37  Gateway  
  15  0:40  Probe  
  16  0:45  Assimilator  
  17  0:51  Probe  
  17  0:54  Assimilator  
  18  0:59  Probe  
  19  1:07  Probe  
  19  1:10  Gateway  
  19  1:17  Probe  
  20  1:25  Cybernetics Core  
  21  1:29  Probe  
  22  1:37  Pylon  
  22  1:41  Probe  
  23  2:03  Stalker x2  
  23  2:04  Warp Gate  
  27  2:22  Stargate  
  27  2:34  Adept x2, Pylon  
  31  2:45  Shield Battery  
  31  2:53  Oracle  
  34  3:18  Nexus  
  34  3:20  Pylon  
  34  3:21  Probe  
  34  3:23  Oracle  
  38  3:35  Probe  
  37  3:47  Probe  
  38  3:59  Probe  
  39  4:03  Adept x2  
  43  4:11  Probe, Robotics Facility  
  44  4:22  Probe  
  45  4:25  Stalker  
  45  4:28  Probe  
  45  4:30  Stalker, Probe  
  51  4:41  Probe  
  49  4:54  Probe  
  46  5:03  Probe  
  46  5:06  Probe  
  48  5:09  Immortal  
  48  5:12  Twilight Council  
  48  5:13  Forge  
  48  5:14  Assimilator  
  52  5:16  Probe  
  52  5:19  Probe  
  52  5:21  Pylon  
  52  5:31  Probe  
  52  5:35  Probe  
  52  5:38  Assimilator, Immortal  
  52  5:43  Probe  
  52  5:44  Sentry x2  
  52  5:47  Probe  
  62  5:57  Probe  
  63  5:58  Protoss Ground Weapons Level 1  
  63  5:59  Charge  
  63  6:04  Probe  
  63  6:09  Probe  
  65  6:12  Gateway  
  65  6:14  Gateway  
  65  6:15  Gateway  
  65  6:20  Zealot x2  
  69  6:33  Probe  
  69  6:34  Pylon  
  69  6:39  Gateway  
  70  6:48  Templar Archives  
  70  6:51  Warp Prism  
  72  6:58  Probe x2  
  74  7:14  Zealot x2  
  78  7:32  Pylon  
  78  7:33  Pylon x2  
  78  7:34  Immortal  
  78  7:38  Nexus  
  76  7:45  High Templar  
  76  7:50  High Templar  
  78  7:51  High Templar  
  78  7:53  High Templar  
  78  7:57  Archon  
  82  7:58  Zealot  
  82  7:59  Zealot, Archon  
  82  8:01  Probe x2  
  88  8:07  Immortal, Pylon  
  88  8:08  Pylon  
  91  8:20  Zealot x2  
  91  8:21  Zealot  
  91  8:25  Zealot  
  99  8:28  Zealot  
  93  8:48  High Templar x2  
  93  8:56  Archon  
  93  9:02  Immortal  
  69  9:55  Immortal  
  51  10:16  Pylon  
  51  10:21  Pylon  
  51  10:22  Cybernetics Core  
  51  10:24  Pylon  
  50  10:41  Zealot x2  
  50  10:42  Zealot  
  55  10:45  Zealot  
  53  11:02  High Templar x3  
  53  11:03  Zealot  
  51  11:06  Archon  
  50  11:13  Gateway  
  50  11:14  Gateway  
  50  11:18  Zealot  
  50  11:22  Pylon  
  50  11:30  Gateway  
  50  11:32  Zealot x2  
  52  11:34  Zealot  
Show
View Real Time Build Order
Export as new Build Order

SKillous Protoss - Winner!

Build Orders: Zealot Archon 

Get SALT Encoding   

  12  0:00  Probe  
  13  0:12  Probe  
  14  0:17  Pylon  
  14  0:24  Probe  
  15  0:32  Probe  
  15  0:37  Gateway  
  15  0:40  Probe  
  16  0:46  Assimilator  
  17  0:51  Probe  
  17  0:54  Assimilator  
  18  0:59  Probe  
  19  1:07  Probe, Gateway  
  19  1:17  Probe  
  20  1:25  Cybernetics Core  
  21  1:29  Probe  
  22  1:34  Pylon  
  22  1:41  Probe  
  23  1:51  Warp Gate  
  23  1:53  Probe  
  24  2:01  Stalker, Sentry  
  28  2:09  Pylon  
  28  2:28  Sentry  
  30  2:31  Stalker  
  31  2:41  Nexus  
  31  2:45  Probe  
  32  2:56  Sentry  
  32  2:57  Probe  
  35  3:01  Stalker  
  37  3:07  Pylon  
  37  3:10  Probe  
  38  3:17  Robotics Facility  
  38  3:23  Probe  
  39  3:31  Shield Battery  
  39  3:35  Probe  
  39  3:45  Probe  
  39  3:46  Stalker  
  39  3:48  Stalker  
  44  3:56  Shield Battery  
  44  3:59  Probe  
  44  4:00  Probe  
  44  4:06  Forge  
  44  4:07  Observer  
  47  4:10  Probe  
  47  4:13  Probe  
  49  4:21  Probe  
  49  4:22  Probe  
  49  4:23  Shield Battery  
  50  4:30  Probe, Pylon  
  51  4:35  Probe  
  53  4:40  Probe  
  52  4:46  Stalker  
  52  4:48  Probe  
  52  4:50  Pylon  
  52  4:52  Probe, Shield Battery  
  54  5:00  Probe  
  54  5:04  Stalker  
  54  5:05  Probe  
  57  5:12  Probe  
  58  5:17  Probe  
  58  5:18  Twilight Council  
  58  5:19  Stalker, Pylon, Protoss Ground Weapons Level 1  
  61  5:22  Shield Battery  
  61  5:27  Probe  
  61  5:28  Probe  
  60  5:35  Probe  
  61  5:40  Probe  
  61  5:41  Assimilator  
  61  5:42  Assimilator  
  63  5:43  Probe  
  63  5:47  Gateway  
  63  5:48  Gateway  
  64  5:50  Charge  
  65  6:02  Gateway  
  65  6:03  Gateway  
  64  6:11  Gateway x2  
  64  6:20  Warp Prism  
  66  6:26  Templar Archives  
  66  6:35  Nexus  
  66  6:38  Pylon  
  66  6:43  Probe  
  68  6:48  Stalker  
  68  6:49  Zealot  
  70  6:59  Pylon  
  64  7:09  High Templar  
  64  7:10  High Templar x3  
  64  7:11  Zealot x3  
  64  7:15  Archon x2, Pylon  
  78  7:16  Pylon  
  78  7:19  Pylon  
  78  7:26  Zealot  
  80  7:33  Zealot x3  
  84  7:56  Zealot x3, High Templar x2  
  84  7:57  Zealot x3  
  100  8:02  Archon  
  100  8:07  Nexus  
  100  8:09  Pylon  
  100  8:12  Pylon  
  100  8:15  Probe  
  99  8:26  Zealot x3  
  105  8:29  Zealot  
  105  8:30  Probe  
  105  8:32  Probe  
  109  8:40  Zealot x2  
  107  8:42  Probe  
  107  8:44  Probe  
  95  8:54  Probe  
  95  8:55  High Templar x3  
  98  8:57  Zealot, High Templar  
  100  9:02  Archon  
  100  9:03  Archon  
  100  9:06  Zealot x3  
  76  9:33  High Templar x2  
  76  9:34  Zealot x5  
  76  9:37  Archon  
  86  9:41  Warp Prism  
  68  10:07  High Templar x2  
  66  10:11  Archon  
  62  10:38  Observer  
  62  10:44  Nexus  
  62  10:49  Probe  
  62  11:02  Zealot  
  62  11:03  Zealot  
  66  11:08  Probe  
  67  11:17  Probe  
  67  11:18  High Templar  
  67  11:19  High Templar  
  67  11:24  Archon  
  72  11:26  Probe  
  72  11:27  Assimilator  
  73  11:37  Probe  
Tags
 
Add a new tag
Caveats
  • Supply blocks, unpowered buildings, or Contaminate may cause inaccurate times.
  • Supply counts are checked every 10 seconds.